 Dungeon Crawl Stone Soup version 0.30-a0-672-gc3a7216ad8 (webtiles) character file.

Game seed: 9172089221140576771

2439 vineage the Basher (level 9, -4/57 HPs)
             Began as a Gargoyle Fighter on Jan 18, 2023.
             Was a Believer of Okawaru.
             Slain by Maggie
             ... wielding a +0 war axe
              (16 damage)
             ... on level 6 of the Dungeon.
             The game lasted 00:07:14 (4923 turns).

vineage the Basher (Gargoyle Fighter)               Turns: 4923, Time: 00:07:15

Health: -4/57      AC: 18    Str: 21    XL:     9   Next: 49%
Magic:  7/9        EV: 10    Int: 10    God:    Okawaru [**....]
Gold:   278        SH:  0    Dex: 11    Spells: 8/8 levels left

rFire   . . .      SeeInvis .    q - +0 morningstar
rCold   . . .      Faith    .    (no shield)
rNeg    + . .      Spirit   .    r - +0 chain mail
rPois   ∞          Reflect  .    (no helmet)
rElec   +          Harm     .    (no cloak)
rCorr   .          Rampage  .    (no gloves)
Will    .....                    (no boots) Stlth
                                 (no amulet)
HPRegen 0.29/turn                (no ring)
MPRegen 0.11/turn                (no ring)

@: heroic, mesmerised
A: sickness immunity, AC +6, negative energy resistance 1, electricity
resistance, torment resistance 1, petrification resistance
a: Renounce Religion, Heroism


You were on level 6 of the Dungeon.
You worshipped Okawaru.
Okawaru was pleased with you.
You visited 2 branches of the dungeon, and saw 8 of its levels.

You collected 278 gold pieces.

Inventory:

Hand Weapons
 a - a +1 flail
 q - a +0 morningstar (weapon)
Missiles
 n - 2 throwing nets (quivered)
Armour
 b - a +0 kite shield
 c - a +0 buckler
 r - a +0 chain mail (worn)
Jewellery
 s - a +6 ring of intelligence
Wands
 k - a wand of iceblast (4)
 p - a wand of digging (4)
 u - a wand of flame (20)
Scrolls
 h - 2 scrolls of enchant weapon
 j - a scroll of teleportation
 l - a scroll of identify
 t - 2 scrolls of amnesia
 v - a scroll of immolation
 w - 2 scrolls of fog
Potions
 d - 3 potions of might
 e - a potion of brilliance
 f - 3 potions of magic
 g - 2 potions of heal wounds
 i - 3 potions of degeneration
 m - 2 potions of attraction
 o - a potion of haste
 z - a potion of mutation {unknown}


   Skills:
 + Level 7.0(12.0) Fighting
 * Level 8.1(13.1) Maces & Flails
 + Level 7.0(12.0) Armour
 + Level 6.8(11.8) Shields


You had 8 spell levels left.
You didn't know any spells.
Your spell library contained the following spells:

 Spells                   Type           Power      Damage    Failure   Level
 Foxfire                  Conj/Fire      0%         2x1d4     92%         1
 Poisonous Vapours        Pois/Air       0%         N/A       98%         2
 Static Discharge         Conj/Air       0%         2-2/arc   98%         2
 Mephitic Cloud           Conj/Pois/Air  0%         N/A       100%        3
 Vhi's Electric Charge    Tloc/Air       0%         N/A       100%        3
 Arcjolt                  Conj/Air       0%         1d10      100%        5
 Fireball                 Conj/Fire      0%         3d3       100%        5
 Lightning Bolt           Conj/Air       0%         1d11      100%        5
 Starburst                Conj/Fire      0%         6d3       100%        6
 Cigotuvi's Dreadful Rot  Necr/Pois/Air  Unusable   N/A       N/A         2

Dungeon Overview and Level Annotations

Branches:
Dungeon (7/15)             Temple (1/1) D:6

Altars:
Cheibriados
Dithmenos
Elyvilon
Fedhas
Gozag
Hepliaklqana
Kikubaaqudgha
Makhleb
Nemelex Xobeh
Okawaru
Qazlal
Ru
Sif Muna
Trog
Uskayaw
Vehumet
Wu Jian
Xom
Yredelemnul
The Shining One

Shops:
D:5 (

Annotations:
D:6 Maggie


Innate Abilities, Weirdness & Mutations

You are immune to sickness and miasma.
Your stone body is resilient. (AC +6)
You are immune to poison.
You resist negative energy. (rN+)
You are resistant to electric shocks. (rElec)
You are resistant to unholy torment.
You are immune to petrification.


Message History

Maggie casts a spell at you. The bolt of fire hits you.
You puncture Maggie!
Maggie is moderately wounded.
The steam dragon breathes steam at you. The ball of steam hits you!!
Maggie closely misses you.
You are too injured to fight recklessly!
You are too injured to fight recklessly!
You are too injured to fight recklessly!
You are too injured to fight recklessly!
You are too injured to fight recklessly!
You are too injured to fight recklessly!
You are too injured to fight recklessly!
You are too injured to fight recklessly!
There is a stone staircase leading up here.
Maggie casts a spell.
Maggie attempts to bespell you!
You are mesmerised by Maggie!
You climb upwards.
There is a stone staircase leading down here.
You barely miss Maggie.
Maggie is moderately wounded.
Maggie points at you and mumbles some strange words.
The bolt of fire misses you.
You hit Maggie.
Maggie is moderately wounded.
Maggie gestures wildly while chanting.
Maggie attempts to bespell you!
You are mesmerised by Maggie!
You gain the combat prowess of a mighty hero.
Maggie hits you with a +0 war axe!
* * * LOW HITPOINT WARNING * * *
You closely miss Maggie. You punch Maggie, but do no damage.
Maggie is moderately wounded.
Maggie hits you with a +0 war axe.
* * * LOW HITPOINT WARNING * * *
You hit Maggie.
Maggie is moderately wounded.
Maggie hits you with a +0 war axe!
You die...

######### ### ####.......#
##.######## #.......##.#
##.#.......#
#..#.#..##)#####.###.####.#
#..#..<.........## ##.###.#
#.......##@#####.###...##.#
#........@)# ##.#.##.##.#
###...#.#### ##........#
#####.# ##.......#
########.#########
#.##.##.#
#........#.......#
#.##.##.#
#.#####..#.......#
#.##.##.#
#.##.....#.......#
#.......#
#.##.##.##.......#
####.####


You could see Maggie (mesmerising, strong).

Vanquished Creatures
  Pikel (D:6)
  Grinder (D:5)
  Prince Ribbit (D:6)
  Sigmund (D:6)
  2 ice beasts
  An ogre (D:6)
  A sky beast (D:6)
  A centaur (D:6)
  The ghost of ThereIsNoGod the Ducker, an amateur OpFi (D:3)
  2 lemures (D:6)
  4 bullfrogs (D:6)
  A gnoll sergeant (D:5)
  A necrophage (D:6)
  2 scorpions (D:6)
  A jelly (D:4)
  An orc priest (D:4)
  Ijyb (D:3)
  3 iguanas
  An orc wizard (D:6)
  8 adders
  5 gnolls (D:5)
  2 ufetubi
  2 dart slugs
  16 orcs
  3 endoplasms
  A giant cockroach (D:1)
  14 goblins
  11 hobgoblins
  10 jackals
  4 quokkas
  3 ball pythons
  6 bats
  3 frilled lizards
  6 kobolds
  4 rats
125 creatures vanquished.

Vanquished Creatures (others)
  An orc (D:7)
1 creature vanquished.

Grand Total: 126 creatures vanquished

Notes
Turn   | Place    | Note
-------+----------+-------------------------------------------
     0 | D:1      | vineage the Gargoyle Fighter began the quest for the Orb.
     0 | D:1      | Reached XP level 1. HP: 14/14 MP: 1/1
   123 | D:1      | Reached XP level 2. HP: 19/19 MP: 2/2
   705 | D:2      | Reached XP level 3. HP: 23/23 MP: 3/3
   815 | D:2      | Found a faded altar of an unknown god.
  1052 | D:2      | Reached skill level 3 in Maces & Flails
  1052 | D:2      | Reached XP level 4. HP: 27/29 MP: 4/4
  1336 | D:3      | Found a stormy altar of Qazlal.
  1336 | D:3      | Found a runed translucent door.
  1748 | D:3      | Noticed Ijyb
  1766 | D:3      | Killed Ijyb
  1767 | D:3      | Reached XP level 5. HP: 16/33 MP: 5/5
  1944 | D:3      | Noticed ThereIsNoGod's ghost (amateur OpFi)
  1955 | D:3      | Killed ThereIsNoGod's ghost
  1956 | D:3      | Reached skill level 4 in Maces & Flails
  2011 | D:4      | Reached XP level 6. HP: 38/39 MP: 6/6
  2353 | D:4      | Noticed an ice beast
  2370 | D:4      | Killed an ice beast
  2789 | D:5      | Entered Level 5 of the Dungeon
  2801 | D:5      | Noticed an ice beast
  2825 | D:5      | Killed an ice beast
  2826 | D:5      | Reached XP level 7. HP: 43/44 MP: 7/7
  2875 | D:5      | Found Cumioneg's Weapon Shop.
  2922 | D:5      | Reached skill level 5 in Maces & Flails
  2927 | D:5      | Reached skill level 5 in Fighting
  2927 | D:5      | Reached skill level 5 in Armour
  2959 | D:5      | Noticed Grinder
  2960 | D:5      | Paralysed by Grinder for 3 turns
  2967 | D:5      | Paralysed by Grinder for 5 turns
  2981 | D:5      | Paralysed by Grinder for 2 turns
  2989 | D:5      | Killed Grinder
  2990 | D:5      | Reached skill level 5 in Shields
  3143 | D:5      | Reached XP level 8. HP: 28/50 MP: 8/8
  3485 | D:6      | Reached skill level 6 in Maces & Flails
  3591 | D:6      | Found a staircase to the Ecumenical Temple.
  3628 | Temple   | Entered the Ecumenical Temple
  3805 | Temple   | Became a worshipper of Warmaster Okawaru
  3892 | D:6      | Noticed Sigmund
  3900 | D:6      | Killed Sigmund
  4048 | D:6      | Noticed Prince Ribbit
  4061 | D:6      | Killed Prince Ribbit
  4061 | D:6      | Reached * piety under Okawaru
  4062 | D:6      | Reached skill level 7 in Maces & Flails
  4153 | D:6      | Reached XP level 9. HP: 48/56 MP: 9/9
  4455 | D:7      | Noticed Maggie
  4590 | D:7      | Noticed Pikel
  4631 | D:6      | Killed Pikel
  4631 | D:6      | Reached ** piety under Okawaru
  4632 | D:6      | Reached skill level 8 in Maces & Flails
  4923 | D:6      | Slain by Maggie

Illustrated notes

Levels and vault maps discovered:
D:1:      dpeg_arrival_line_fractal, layout_loops_ring
D:2:      layout_rooms, basic_ecumenical_altar
D:3:      kennysheep_goblin_castle, layout_rooms, lemuel_crystal_altar,
          ebering_ghost_reflecting_pool, serial_bayou_pond_b
D:4:      layout_basic, hangedman_decor_push, minmay_parallelograms,
          corner_web_ring
D:5:      layout_basic, serial_shops, nicolae_shop_bloodbath_and_beyond,
          uniq_grinder
D:6:      layout_loops_cross, minmay_temple_entry_statues_pillars, uniq_sigmund,
          uniq_prince_ribbit1
D:7:      layout_cave_pools, mainiacjoe_overflow_large_starburst,
          nicolae_benzene_ring, uniq_duvessa, uniq_maggie, uniq_pikel
Temple:   hellmonk_temple_of_storms

Skill      XL: |  1  2  3  4  5  6  7  8  9 |
---------------+----------------------------+-----
Maces & Flails | 3 4 5 7 8 |  8.1
Armour         | 4 5 6 7 |  7.0
Fighting       | 4 5 6 7 |  7.0
Shields        | 4 5 6 |  6.8

Action                   |  1- 3 |  4- 6 |  7- 9 || total
-------------------------+-------+-------+-------++-------
Melee: Flail             |   101 |   124 |       ||   225
       Morningstar       |       |    42 |   252 ||   294
       Punch             |       |       |     1 ||     1
Invok: Heroism           |       |       |     1 ||     1
  Use: Scroll            |       |    14 |     2 ||    16
       Potion            |       |     1 |     1 ||     2
Armor: Scale mail        |    71 |   106 |       ||   177
       Chain mail        |       |       |   234 ||   234
Dodge: Dodged            |    64 |    71 |   140 ||   275
Block: Buckler           |    24 |    58 |     7 ||    89

Table legend: (Time is in decaauts)
 A = Elapsed time spent in this place.
 B = Non-inter-level travel time spent in this place.
 C = Inter-level travel time spent in this place.
 D = Time resting spent in this place.
 E = Time spent auto-exploring this place.
 F = Levels seen in this place.
 G = Mean time per level.
                   A        B        C        D        E       F      G
               +--------+--------+--------+--------+--------+-----+--------+
         Total |   5058 |   4845 |    213 |    562 |   3094 |   8 |  632.2 |
       Dungeon |   4901 |   4758 |    143 |    562 |   3020 |   7 |  700.1 |
        Temple |    157 |     87 |     70 |      0 |     74 |   1 |  157.0 |
               +--------+--------+--------+--------+--------+-----+--------+

Top non-repeatable levels by time:
     D:6: 1294 daAuts
     D:4: 826 daAuts
     D:3: 728 daAuts
     D:1: 720 daAuts
     D:5: 712 daAuts
     D:2: 587 daAuts
  Temple: 157 daAuts
     D:7: 31 daAuts
